 Dungeon Crawl Stone Soup version 0.28-a0-578-g717728bcc0 (webtiles) character file.

Game seed: 8398886116527170188

219357 MacCMillion the Gelid (level 19, -2/126 HPs)
             Began as a Merfolk Ice Elementalist on Oct 2, 2021.
             Was the Champion of Hepliaklqana.
             Killed from afar by an eleionoma (16 damage)
             ... with a spray of wooden splinters
             ... on level 4 of the Swamp on Oct 4, 2021.
             The game lasted 04:24:18 (48423 turns).

MacCMillion the Gelid (Merfolk Ice Elementalist)   Turns: 48423, Time: 04:24:19

Health: -2/126     AC: 18    Str: 10    XL:     19   Next: 14%
Magic:  27/42      EV: 21    Int: 18    God:    Hepliaklqana [******]
Gold:   1953       SH: 19    Dex: 22    Spells: 11/38 levels left

rFire   x . .      SeeInvis .   a - +6 trident of Glory {elec, rPois}
rCold   + . .      Faith    .   j - +4 kite shield {reflect}
rNeg    . . .      Spirit   .   P - +0 swamp dragon scales
rPois   +          Reflect  +   I - +2 helmet
rElec   .          Harm     .   v - +1 cloak of Starlight {*Dazzle EV+4 Stlth--}
rCorr   .          Rampage  .   t - +2 pair of gloves
Will    +....                   u - +0 pair of boots
Stlth   ..........              M - amulet "Ezogg" {Acrobat +Blink rPois Dex+5}
HPRegen 0.31/turn               C - ring of ice
MPRegen 0.28/turn               U - ring of magical power

@: very slightly contaminated
A: reduced essence, (nimble swimmer 2), mertail
}: 1/15 runes: serpentine
a: Renounce Religion, Evoke Blink, Recall Ancestor, Ancestor Identity,
Transference, Idealise


You were on level 4 of the Swamp.
You worshipped Hepliaklqana.
Hepliaklqana was exalted by your worship.
You visited 5 branches of the dungeon, and saw 31 of its levels.
You also visited: Ossuary, Gauntlet and Ice Cave.

You collected 3499 gold pieces.
You spent 1546 gold pieces at shops.

Inventory:

Hand Weapons
 a - the +6 trident of Glory (weapon) {elec, rPois}
   (You found it on level 3 of the Lair of Beasts)

   It occasionally discharges a powerful burst of electricity upon striking a
   foe.
   rPois:     It protects you from poison.
Armour
 c - a scarf of resistance
 j - a +4 kite shield of reflection (worn)
 t - a +2 pair of gloves (worn)
 u - a +0 pair of boots (worn)
 v - the +1 cloak of Starlight (worn) {*Dazzle EV+4 Stlth--}
   (You found it on level 13 of the Dungeon)

   It may blind those who miss an attack against the wearer in melee combat.
   EV:        It affects your evasion (+4).
   Stlth:     It makes you much less stealthy.
 E - a +4 ring mail of fire resistance
 I - a +2 helmet (worn)
 P - +0 swamp dragon scales (worn)
Magical Staves
 s - a staff of cold
Jewellery
 x - a ring of resist corrosion
 A - a ring of protection from cold
 C - a ring of ice (left hand)
 G - the ring "Xiagh" {Will+++ rCorr MP+9 Str-5 Stlth-}
   (You found it on level 2 of the Lair of Beasts)

   [ring of resist corrosion]

   Str:       It affects your strength (-5).
   MP:        It affects your magic capacity (+9).
   rCorr:     It protects you from acid and corrosion.
   Will:      It greatly increases your willpower.
   Stlth:     It makes you less stealthy.
 M - the amulet "Ezogg" (around neck) {Acrobat +Blink rPois Dex+5}
   (You found it in an ossuary)

   [amulet of the acrobat]

   It increases your evasion while moving and waiting.
   Dex:       It affects your dexterity (+5).
   rPois:     It protects you from poison.
   +Blink:    It lets you blink.
 T - an amulet of guardian spirit
 U - a ring of magical power (right hand)
 V - a +4 ring of protection
 X - a ring of protection from fire
Wands
 m - a wand of flame (47)
 J - a wand of acid (42)
 N - a wand of iceblast (63)
 Y - a wand of digging (12)
Scrolls
 b - 8 scrolls of amnesia
 d - 5 scrolls of noise
 e - 3 scrolls of fog
 h - 5 scrolls of fear
 i - 4 scrolls of torment
 k - 7 scrolls of vulnerability
 o - 13 scrolls of teleportation
 r - 4 scrolls of brand weapon
 w - 2 scrolls of magic mapping
 y - 10 scrolls of identify
 B - a scroll of blinking
 D - 2 scrolls of immolation
 K - 2 scrolls of holy word
 R - 6 scrolls of enchant weapon
 Z - 4 scrolls of enchant armour
Potions
 f - a potion of resistance
 g - 4 potions of cancellation
 l - 2 potions of invisibility
 n - 9 potions of curing
 p - 4 potions of haste
 q - 8 potions of heal wounds
 z - 2 potions of might
 F - 2 potions of magic
 H - a potion of brilliance
 L - a potion of berserk rage
 O - 12 potions of ambrosia
 Q - 3 potions of mutation
 S - 2 potions of attraction
 W - 3 potions of lignification


   Skills:
 - Level 10.0 Fighting
 - Level 14.0(14.4) Polearms
 + Level 3.2(6.2) Staves
 - Level 5.0 Armour
 - Level 10.0 Dodging
 - Level 2.2 Stealth
 - Level 15.0 Shields
 - Level 10.0 Spellcasting
 - Level 10.0 Conjurations
 - Level 5.0 Hexes
 + Level 11.2 Transmutations
 + Level 19.8 Ice Magic
 - Level 10.0 Invocations
 - Level 5.0 Evocations


You had 11 spell levels left.
You knew the following spells:

 Your Spells              Type           Power      Damage    Failure   Level
a - Irradiate             Conj/Tmut      23%        3d21      7%          5
b - Frozen Ramparts       Ice            100%       1d12      0%          3
c - Ozocubu's Armour      Ice            88%        N/A       0%          3
d - Hailstorm             Conj/Ice       76%        3d16      1%          4
e - Metabolic Englaciati  Hex/Ice        34%        N/A       3%          5
f - Ozocubu's Refrigerat  Ice            44%        4d13      4%          7

Your spell library contained the following spells:

 Spells                   Type           Power      Damage    Failure   Level
 Freeze                   Ice            100%       1d11      0%          1
 Magic Dart               Conj           100%       1d8       1%          1
 Wereblood                Tmut           49%        N/A       1%          2
 Passwall                 Tmut/Erth      24%        N/A       2%          2
 Static Discharge         Conj/Air       27%        N/A       3%          2
 Blade Hands              Tmut           24%        N/A       4%          5
 Stone Arrow              Conj/Erth      54%        3d10      7%          3
 Mephitic Cloud           Conj/Pois/Air  20%        N/A       14%         3
 Pain                     Necr           36%        1d5       19%         1
 Sandblast                Erth           18%        2d7       19%         1
 Summon Small Mammal      Summ           36%        N/A       19%         1
 Petrify                  Tmut/Erth      29%        N/A       19%         4
 Portal Projectile        Hex/Tloc       36%        N/A       21%         3
 Summon Guardian Golem    Hex/Summ       18%        N/A       21%         3
 Cause Fear               Hex            13%        N/A       24%         4
 Blink                    Tloc           N/A        N/A       28%         2
 Call Imp                 Summ           9%         N/A       28%         2
 Sublimation of Blood     Necr           4%         N/A       28%         2
 Simulacrum               Ice/Necr       30%        N/A       43%         6
 Call Canine Familiar     Summ           9%         N/A       50%         3
 Gell's Gravitas          Tloc           4%         N/A       50%         3
 Lesser Beckoning         Tloc           9%         N/A       50%         3
 Teleport Other           Tloc           9%         N/A       50%         3
 Lightning Bolt           Conj/Air       13%        1d27      54%         5
 Dragon Form              Tmut           24%        N/A       83%         7
 Animate Armour           Summ/Erth      18%        N/A       88%         4
 Olgreb's Toxic Radiance  Pois           9%         N/A       88%         4
 Passage of Golubria      Tloc           N/A        N/A       88%         4
 Summon Lightning Spire   Summ/Air       9%         N/A       88%         4
 Silence                  Hex/Air        9%         N/A       88%         5
 Summon Mana Viper        Hex/Summ       18%        N/A       88%         5
 Iron Shot                Conj/Erth      13%        9d3       98%         6
 Agony                    Necr           9%         N/A       99%         5
 Excruciating Wounds      Necr           4%         N/A       99%         5
 Manifold Assault         Tloc           9%         N/A       99%         5
 Summon Forest            Summ/Tloc      4%         N/A       99%         5
 Dispersal                Tloc           4%         N/A       100%        6
 Summon Cactus Giant      Summ           4%         N/A       100%        6
 Malign Gateway           Summ/Tloc      4%         N/A       100%        7
 Storm Form               Tmut/Air       14%        N/A       100%        7
 Summon Hydra             Summ           4%         N/A       100%        7
 Ignition                 Fire           4%         3d4       100%        8
 Lehudib's Crystal Spear  Conj/Erth      13%        10d5      100%        8
 Maxwell's Capacitive Co  Air            4%         ∞         100%        8
 Summon Horrible Things   Summ           4%         N/A       100%        8
 Dragon's Call            Summ           4%         N/A       100%        9


Dungeon Overview and Level Annotations

Branches:
Dungeon (15/15)            Temple (0/1) D:7            Lair (6/6) D:8
  Swamp (4/4) Lair:3        Snake (4/4) Lair:2        Slime (0/5) Lair:5
    Orc (2/2) D:10            Elf (0/3) Orc:2        Vaults (0/5) D:14
 Depths (0/4) D:15        Ossuary (visited)           IceCv (visited)
Gauntlet (visited)

Altars:
Dithmenos
Elyvilon
Fedhas
Gozag
Hepliaklqana
Makhleb
Ru
Sif Muna
Trog
Wu Jian
Zin
Beogh
Jiyva

Shops:
D:6 =   D:9 :   Orc:2 ![*:   Snake:1 !(![   Snake:2 :[   Snake:4 :=:

Portals:
Hell: Lair:6

Annotations:
Swamp:1 2 transporters, Biuwagaz's ghost, adept VSNe
Snake:2 3 runed translucent doors, Hudoip's ghost, adept DsGl; RichitheSlayer's ghost, adept MiFi; Sar's ghost, adept DjCA


Innate Abilities, Weirdness & Mutations

Your life essence is reduced to manifest your ancestor. (-10% HP)
((You are quick and stealthy near water. (Stealth+, EV+, Speed+++)))
Your lower body shifts to a powerful aquatic tail in water.


Message History

An eleionoma and a will-o-the-wisp come into view.
The will-o-the-wisp gives a chilling moan.
The eleionoma shouts!
The will-o-the-wisp gestures.
The will-o-the-wisp conjures some foxfire!
Thoko hits the alligator but does no damage. 2 foxfires come into view.
The eleionoma flows through the trees.
A spriggan rider comes into view. It is wielding a +0 spear.
Thoko hits the alligator with a +0 broad axe of flaming!
Thoko burns the alligator.
The foxfire moves out of view. x2
Your +0 pair of boots unmelds from your body.
Thoko hits the alligator with a +0 broad axe of flaming!!
Thoko burns the alligator!
Thoko hits the six-headed hydra with a +0 broad axe of flaming!
Thoko burns the six-headed hydra.
You see here a +0 long sword.
Thoko barely misses the alligator.
Thoko hits the six-headed hydra with a +0 broad axe of flaming!
Thoko burns the six-headed hydra.
Thoko closely misses something.
The alligator bites Thoko!
Thoko blocks the alligator's attack.
Thoko blocks something's attack.
Something closely misses Thoko.
The alligator bites Thoko!
The alligator tail-slaps Thoko but does no damage.
Thoko hits the alligator with a +0 broad axe of flaming!
Thoko burns the alligator.
Thoko hits the six-headed hydra with a +0 broad axe of flaming.
Thoko burns the six-headed hydra.
Thoko hits the alligator with a +0 broad axe of flaming!
Thoko burns the alligator.
Your legs become a tail as you enter the water.
Your +0 pair of boots melds into your body.
The eleionoma flows through the trees.
Your +0 pair of boots unmelds from your body.
Thoko blocks something's attack.
Something tail-slaps Thoko but does no damage.
There is a stone staircase leading up here.
The eleionoma hurls a spray of splinters at you.
The spray of wooden splinters hits you!
You die...

≈≈≈≈≈≈≈§≈≈≈≈≈≈..♣
≈≈≈≈≈≈..≈≈≈≈≈≈≈≈.≈
≈ ..♣tR≈...≈≈≈.♣♣
≈≈ ♣♣≈..≈......♣
(.. ♣♣D.≈≈.≈≈≈...≈
≈.. ♣♣...§♣.≈≈≈.
♣.≈ ♣♣≈≈≈♣♣♣≈...≈
♣≈≈[♣♣.R.§..≈..≈..
♣≈@≈≈..≈≈.≈.≈..
♣...≈..♣...♣.≈.i
♣.?.†≈♣♣♣♣♣♣ ≈
♣..†♣♣♣ ♣†)## [≈.
♣[.♣ ≈.≈


You could see the friendly Thoko the knight (fast), an eleionoma, an alligator
and a six-headed hydra.

Vanquished Creatures
  Vashnia (Snake:3)
  Jorgrun (Snake:3)
  Mlioglotl (Swamp:1)
  Donald (Swamp:1)
  3 nagarajas (Snake:4)
  A hydra zombie (Swamp:4)
  The ghost of Inuschiwk the Grappler, a journeyman TrBe of Trog (D:13)
  2 ghouls (Swamp:3)
  Snorg (D:14)
  2 eleionomae (Swamp:3)
  3 boulder beetles
  A fire dragon (D:15)
  13 naga warriors
  2 ghost crabs
  2 salamander tyrants (Snake:4)
  A vault guard (D:14)
  11 hydras
  2 ogre magi (Orc:2)
  4 alligators
  An ironbound frostheart (IceCv)
  15 two-headed ogres
  4 anacondas
  2 catoblepae
  A centaur warrior (D:15)
  A tengu warrior (Gauntlet)
  17 death yaks
  4 shock serpents
  17 naga sharpshooters
  A sun demon (Lair:6)
  2 salamander mystics
  Nergalle (Lair:2)
  4 goliath frogs
  A death drake (Swamp:3)
  5 swamp dragons
  A sixfirhy (Gauntlet)
  A sea snake (Snake:3)
  A golden dragon skeleton (D:15)
  6 bog bodies
  2 spriggan druids
  A flayed ghost (D:15)
  A wizard (Lair:6)
  3 naga ritualists
  A necromancer (D:14)
  An oklob plant (Orc:1)
  A deep elf pyromancer (D:13)
  3 cyclopes
  A wolf spider (Lair:6)
  An orc knight (Orc:1)
  7 ugly things
  5 salamanders
  2 mana vipers
  An orc sorcerer (Orc:2)
  A moth of wrath (Swamp:2)
  20 black mambas
  3 guardian serpents (Snake:2)
  12 elephants
  8 cane toads
  15 naga magi
  An ice statue (IceCv)
  2 unseen horrors (D:11)
  2 smoke demons
  The ghost of hemabe71 the Charlatan, a novice HuAr of Trog (D:5)
  9 komodo dragons
  4 rime drakes
  A tengu conjurer (Gauntlet)
  2 yaktaurs
  2 red devils (Lair:6)
  An ice devil (Lair:6)
  2 bloated husks
  4 trolls
  A wolf spider simulacrum (D:14)
  6 hornets
  7 polar bears
  4 tyrant leeches
  15 blink frogs
  6 dream sheep
  Sigmund (D:6)
  5 spriggans
  A vampire (D:12)
  5 wyverns
  A basilisk (D:14)
  44 yaks
  A wraith (D:12)
  14 humans (D:14)
  10 vampire mosquitoes
  Edmund (D:5)
  2 wargs
  12 swamp worms
  38 nagas
  4 hell hounds (Lair:6)
  An acid dragon (D:9)
  15 water moccasins
  6 swamp drakes
  Duvessa (D:6)
  9 orc warriors
  A sky beast (D:6)
  A black bear (Lair:3)
  A necrophage (Swamp:3)
  15 ogres
  6 centaurs
  21 wolves
  3 kobold brigands
  2 phantoms
  6 bullfrogs
  3 gnoll sergeants
  2 scorpions
  2 water moccasin zombies
  Dowan (D:6)
  A water moccasin skeleton (D:6)
  33 killer bees
  4 wights
  2 howler monkeys (D:10)
  5 electric eels
  A crimson imp (Gauntlet)
  2 centaur zombies
  A jelly (D:7)
  3 hounds
  18 orc priests
  7 iguanas
  14 orc wizards
  A hound skeleton (D:4)
  Robin (D:2)
  4 adders
  8 gnolls
  A shadow imp (D:5)
  3 white imps
  2 ufetubi (Gauntlet)
  2 adder zombies (Ossuary)
  An adder skeleton (D:4)
  A worm (D:4)
  A dart slug (D:1)
  65 orcs
  4 ball pythons
  4 endoplasms
  6 giant cockroaches
  16 goblins
  15 hobgoblins
  10 jackals
  13 kobolds
  A quokka (D:1)
  4 bats
  5 frilled lizards
  2 hobgoblin zombies (Ossuary)
  3 kobold zombies (Ossuary)
  4 orc zombies (Ossuary)
  5 rats
  2 starspawn tentacles (Swamp:1)
807 creatures vanquished.

Vanquished Creatures (collateral kills)
  A ghoul (Swamp:3)
  A bunyip (Swamp:2)
  A minotaur (Gauntlet)
  An eleionoma (Swamp:3)
  Josephine (Orc:2)
  A salamander tyrant (Snake:4)
  A shambling mangrove (Swamp:2)
  Fannar (D:10)
  2 boulder beetles (D:15)
  8 hydras
  5 naga warriors
  An ironbound frostheart (IceCv)
  A centaur warrior (D:13)
  A catoblepas (D:15)
  2 anacondas
  3 two-headed ogres
  2 ogre magi (Orc:2)
  2 alligators (Swamp:3)
  4 death yaks
  3 shock serpents
  2 naga sharpshooters
  Sonja (Lair:2)
  A salamander mystic (Snake:3)
  2 skeletal warriors (D:15)
  3 sea snakes
  6 naga ritualists
  2 goliath frogs
  A spriggan druid (Swamp:4)
  A wizard (D:14)
  A swamp dragon (Swamp:2)
  2 necromancers
  4 ugly things (D:14)
  A will-o-the-wisp (Swamp:1)
  A manticore (D:14)
  5 cyclopes
  A guardian serpent (Snake:4)
  A salamander (Snake:2)
  2 elephants
  13 black mambas
  4 naga magi
  A frost giant skeleton (D:15)
  2 gargoyles
  A rime drake (Lair:4)
  A freezing wraith (D:15)
  5 cane toads
  2 kobold demonologists (D:12)
  An orange demon (Lair:6)
  2 ice devils
  5 komodo dragons
  A queen bee (Lair:3)
  A troll (Orc:2)
  8 polar bears
  3 hornets
  6 tyrant leeches
  4 blink frogs
  A dream sheep (Lair:3)
  An ettin skeleton (D:15)
  A spriggan skeleton (D:15)
  A centaur simulacrum (D:14)
  A vampire (D:12)
  A wyvern (D:9)
  6 wraiths
  2 spriggans
  2 basilisks
  14 yaks
  6 humans (D:14)
  A steam dragon (D:7)
  8 vampire mosquitoes
  Menkaure (D:6)
  10 nagas
  2 wargs
  A swamp worm (Swamp:3)
  2 hydra simulacra (Swamp:4)
  8 orc warriors
  An ice beast (D:7)
  A sky beast (D:8)
  11 ogres
  3 wolves (IceCv)
  A centaur (D:13)
  A phantom (D:4)
  5 bullfrogs
  A water moccasin zombie (Ossuary)
  10 killer bees
  10 wights
  A howler monkey (D:7)
  A crimson imp (Gauntlet)
  3 centaur zombies
  2 hounds (D:6)
  An orc priest (D:14)
  2 iguanas (Lair:1)
  6 orc wizards
  A killer bee zombie (D:8)
  2 mummies (Ossuary)
  4 gnolls
  A white imp (Gauntlet)
  2 ufetubi (D:6)
  3 adder zombies (Ossuary)
  15 orcs
  A gnoll zombie (Ossuary)
  A kobold (D:12)
  3 hobgoblin zombies (Ossuary)
  A kobold zombie (Ossuary)
  3 orc zombies (Ossuary)
305 creatures vanquished.

Vanquished Creatures (others)
  A tengu conjurer (Gauntlet)
  7 bloated husks
  11 knights
  2 ancestors (D:5)
  2 bushes (D:14)
  A butterfly (D:15)
  3 demonic plants (Gauntlet)
  6 foxfires
  41 fungi
  64 plants
  2 withered plants (D:15)
140 creatures vanquished.

Grand Total: 1252 creatures vanquished

Notes
Turn   | Place    | Note
-------+----------+-------------------------------------------
     0 | D:1      | MacCMillion the Merfolk Ice Elementalist began the quest
                  | for the Orb.
     0 | D:1      | Reached XP level 1. HP: 13/13 MP: 3/3
   182 | D:1      | Found a faded altar of an unknown god.
   201 | D:1      | Reached XP level 2. HP: 14/19 MP: 5/5
   345 | D:1      | Reached skill level 5 in Ice Magic
   564 | D:1      | Reached XP level 3. HP: 24/24 MP: 0/6
   570 | D:1      | Learned a level 3 spell: Frozen Ramparts
  1529 | D:2      | Reached XP level 4. HP: 28/30 MP: 5/7
  1711 | D:2      | Reached skill level 6 in Ice Magic
  1747 | D:2      | Found a glowing silver altar of Zin.
  1751 | D:2      | Noticed Robin
  1804 | D:2      | Killed Robin
  2722 | D:3      | Reached XP level 5. HP: 35/35 MP: 3/8
  3639 | D:4      | Noticed a phantom
  3655 | D:4      | Reached skill level 7 in Ice Magic
  4065 | D:4      | Found a hazy altar of Hepliaklqana.
  4071 | D:4      | Became a worshipper of Hepliaklqana the Forgotten
  4158 | D:4      | Reached XP level 6. HP: 41/41 MP: 4/9
  4388 | D:4      | Found a shadowy altar of Dithmenos.
  4606 | D:5      | Entered Level 5 of the Dungeon
  4712 | D:5      | Reached skill level 8 in Ice Magic
  4994 | D:5      | Noticed Edmund
  5035 | D:4      | Reached skill level 1 in Fighting
  5256 | D:5      | Identified the +1 chain mail "Xeismexu" {+Blink rN+ Int+4}
  5408 | D:5      | Learned a level 4 spell: Hailstorm
  5676 | D:5      | Found a large runed translucent door.
  5676 | D:5      | Found a large runed translucent door.
  5678 | D:5      | Noticed hemabe71's ghost (novice HuAr)
  5777 | D:6      | Reached * piety under Hepliaklqana
  5805 | D:6      | Found a blossoming altar of Fedhas.
  5830 | D:6      | Found a sacrificial altar of Ru.
  6090 | D:6      | Noticed Menkaure
  6091 | D:6      | Reached skill level 1 in Conjurations
  6091 | D:6      | Reached XP level 7. HP: 44/44 MP: 8/10
  6100 | D:6      | Killed Menkaure
  6125 | D:6      | Identified the +8 dagger of the Magi {elec, +Blink rF+
                  | Str-3}
  6400 | D:6      | Found Pifaecs's Jewellery Emporium.
  6421 | D:6      | Noticed Duvessa
  6421 | D:6      | Noticed Dowan
  6838 | D:6      | Reached skill level 9 in Ice Magic
  6953 | D:6      | Reached XP level 8. HP: 26/50 MP: 6/11
  7724 | D:6      | Noticed Sigmund
  7768 | D:6      | Killed Duvessa
  7787 | D:5      | Reached skill level 10 in Ice Magic
  7890 | D:5      | Killed Edmund
  8134 | D:5      | Noticed a troll
  8139 | D:5      | Reached skill level 5 in Conjurations
  8139 | D:5      | Reached XP level 9. HP: 54/54 MP: 8/12
  8141 | D:5      | Killed a troll
  8142 | D:5      | Reached skill level 11 in Ice Magic
  8630 | D:6      | Killed Dowan
  8799 | D:7      | Found a staircase to the Ecumenical Temple.
  8847 | D:7      | Found a sand-covered staircase.
  8856 | Ossuary  | Entered an ossuary
  8999 | Ossuary  | Learned a level 3 spell: Ozocubu's Armour
  9104 | Ossuary  | Reached ** piety under Hepliaklqana
  9306 | Ossuary  | Identified the amulet "Ezogg" {Acrobat +Blink rPois Dex+5}
  9321 | Ossuary  | Remembered your ancestor Thoko as a knight
  9465 | D:7      | Found an ornate altar of the Wu Jian Council.
  9493 | D:7      | Reached skill level 12 in Ice Magic
 10452 | D:7      | Reached skill level 5 in Dodging
 10829 | D:8      | Found a staircase to the Lair.
 11084 | D:8      | Reached XP level 10. HP: 52/63 MP: 15/15
 11450 | D:9      | Found a bloodstained altar of Trog.
 11531 | D:9      | Noticed a gargoyle
 11540 | D:9      | Reached skill level 1 in Evocations
 11540 | D:9      | Killed a gargoyle
 11541 | D:9      | Reached skill level 5 in Fighting
 11757 | D:9      | Found Buraguuc's Book Boutique.
 11877 | D:9      | Reached skill level 5 in Spellcasting
 12403 | D:9      | Noticed a two-headed ogre
 12416 | D:9      | Killed a two-headed ogre
 12559 | D:10     | Entered Level 10 of the Dungeon
 12707 | D:6      | Bought a ring of magical power for 200 gold pieces
 12767 | Lair:1   | Entered Level 1 of the Lair of Beasts
 12795 | Lair:1   | Reached *** piety under Hepliaklqana
 12804 | Lair:1   | Reached XP level 11. HP: 71/71 MP: 19/19
 12830 | Lair:1   | Reached skill level 5 in Evocations
 13443 | Lair:1   | Noticed a six-headed hydra
 13448 | Lair:1   | Reached skill level 10 in Dodging
 13452 | Lair:1   | Killed a six-headed hydra
 13725 | Lair:1   | Reached skill level 13 in Ice Magic
 14354 | Lair:2   | Noticed Sonja
 14677 | Lair:2   | Reached skill level 14 in Ice Magic
 14993 | Lair:2   | Noticed Nergalle
 15028 | Lair:2   | Reached XP level 12. HP: 77/77 MP: 22/22
 15068 | Lair:2   | Found a bloodstained altar of Trog.
 15072 | Lair:2   | Found a staircase to the Snake Pit.
 15576 | Lair:3   | Reached skill level 15 in Ice Magic
 15734 | Lair:3   | Noticed a catoblepas
 16004 | Lair:3   | Identified the +6 trident of Glory {elec, rPois}
 16071 | Lair:3   | Killed a catoblepas
 16567 | Lair:3   | Identified the +4 long sword of Olaukut {vamp, rC- rN+
                  | Dex+5}
 16582 | Lair:3   | Reached **** piety under Hepliaklqana
 16625 | Lair:3   | Reached skill level 10 in Fighting
 16625 | Lair:3   | Reached skill level 1 in Armour
 17606 | Lair:3   | Reached skill level 1 in Shields
 17606 | Lair:3   | Reached XP level 13. HP: 92/92 MP: 19/23
 17608 | Lair:3   | Found a staircase to the Swamp.
 18405 | Lair:4   | Reached skill level 5 in Armour
 18646 | Lair:4   | Reached skill level 5 in Shields
 20394 | Lair:5   | Found a staircase to the Slime Pits.
 20395 | Lair:5   | Reached ***** piety under Hepliaklqana
 20395 | Lair:5   | Found a viscous altar of Jiyva.
 20585 | Lair:6   | Entered Level 6 of the Lair of Beasts
 20645 | Lair:6   | Reached skill level 10 in Shields
 20743 | Lair:6   | Reached XP level 14. HP: 82/99 MP: 10/24
 23213 | Lair:6   | Found a burning altar of Makhleb.
 23566 | Lair:6   | Found a gateway to Hell.
 24462 | D:8      | Learned a level 5 spell: Irradiate
 24716 | D:10     | Reached skill level 1 in Polearms
 24718 | D:10     | Reached skill level 1 in Transmutations
 24813 | D:10     | Found a staircase to the Orcish Mines.
 25024 | D:10     | Noticed Fannar
 25240 | D:10     | Killed Fannar
 25558 | D:10     | Reached XP level 15. HP: 103/103 MP: 25/25
 25777 | Orc:1    | Entered Level 1 of the Orcish Mines
 26393 | Orc:2    | Entered Level 2 of the Orcish Mines
 26393 | Orc:2    | Noticed Josephine
 26826 | Orc:2    | Reached skill level 5 in Polearms
 26977 | Orc:2    | Found Ziklylod's Assorted Antiques.
 26977 | Orc:2    | Found Meehufah's Book Emporium.
 26979 | Orc:2    | Found Vuen's Antique Armour Boutique.
 26979 | Orc:2    | Found Fyiw's Distillery.
 26981 | Orc:2    | Reached skill level 5 in Transmutations
 27490 | Orc:2    | Killed Josephine
 27498 | Orc:2    | Reached skill level 15 in Shields
 27831 | Orc:2    | Found a staircase to the Elven Halls.
 28147 | Orc:2    | Bought a potion of invisibility for 112 gold pieces
 28147 | Orc:2    | Bought a potion of brilliance for 56 gold pieces
 28147 | Orc:2    | Bought a potion of attraction for 42 gold pieces
 30367 | D:12     | Reached ****** piety under Hepliaklqana
 30703 | D:13     | Found a frozen archway.
 30710 | IceCv    | Entered an ice cave
 31384 | IceCv    | Reached XP level 16. HP: 67/109 MP: 26/26
 32407 | D:13     | Found a runed translucent gate.
 32408 | D:13     | Found a runed translucent gate.
 32408 | D:13     | Identified the +1 chain mail of Arry {rElec Str+4 Int-2
                  | Dex+6}
 32408 | D:13     | Noticed Inuschiwk's ghost (journeyman TrBe)
 32409 | D:13     | Found a runed translucent gate.
 32415 | D:13     | Found the +1 cloak of Starlight {*Dazzle EV+4 Stlth--}
 32482 | D:13     | Found a blossoming altar of Fedhas.
 32683 | D:14     | Noticed Snorg
 32695 | D:14     | Killed Snorg
 32894 | D:14     | Found an opulent altar of Gozag.
 32984 | D:14     | Reached skill level 10 in Polearms
 33289 | D:14     | Identified the +2 scale mail of the Maze {Harm rElec Regen+
                  | Dex-5}
 33384 | D:14     | Found a gate to the Vaults.
 33595 | D:14     | Reached skill level 10 in Transmutations
 33821 | D:15     | Entered Level 15 of the Dungeon
 33824 | D:15     | Found a white marble altar of Elyvilon.
 34037 | D:15     | Found a staircase to the Depths.
 34223 | D:15     | Found a gate leading to a gauntlet.
 34232 | Gauntlet | Entered a Gauntlet
 34232 | Gauntlet | Found a transporter.
 34232 | Gauntlet | Found a transporter.
 34232 | Gauntlet | Found a transporter.
 34232 | Gauntlet | Found a transporter.
 34341 | Gauntlet | Found a transporter.
 34351 | Gauntlet | Found a transporter.
 34387 | Gauntlet | Found a transporter.
 34408 | Gauntlet | Found a transporter.
 34429 | Gauntlet | Found a transporter.
 34447 | Gauntlet | Found a transporter.
 34455 | Gauntlet | Found a transporter.
 34472 | Gauntlet | Found a transporter.
 34886 | Gauntlet | Identified the +0 pair of boots "Gyarrum" {-Tele rPois
                  | Dex+3 Stlth+}
 34930 | Gauntlet | Identified the +3 buckler of Mordant Joy {Str+5}
 35704 | D:15     | Reached skill level 1 in Invocations
 36199 | D:5      | Killed hemabe71's ghost
 36330 | D:6      | Killed Sigmund
 36457 | Lair:2   | Killed Sonja
 36510 | Lair:2   | Identified the ring "Xiagh" {Will+++ rCorr MP+9 Str-5
                  | Stlth-}
 36522 | Lair:2   | Killed Nergalle
 36993 | D:13     | Killed Inuschiwk's ghost
 37407 | Snake:1  | Entered Level 1 of the Snake Pit
 37689 | Snake:1  | Reached XP level 17. HP: 68/115 MP: 27/27
 38289 | Snake:1  | Found Tathrusu's Armour Emporium.
 38298 | Snake:1  | Found Owkekeh's Distillery.
 38298 | Snake:1  | Found Seaso's Antique Weapon Emporium.
 38301 | Snake:1  | Found Duum's Distillery.
 38832 | Snake:2  | Reached skill level 10 in Conjurations
 38835 | Snake:2  | Reached skill level 5 in Invocations
 38953 | Snake:2  | Found Igoegrat's Armour Shop.
 38958 | Snake:2  | Found Xouxkocw's Book Shop.
 39685 | Snake:2  | Found a runed translucent gate.
 39685 | Snake:2  | Found a runed translucent gate.
 39685 | Snake:2  | Found a runed translucent gate.
 39685 | Snake:2  | Noticed RichitheSlayer's ghost (adept MiFi)
 39686 | Snake:2  | Noticed Sar's ghost (adept DjCA)
 39686 | Snake:2  | Noticed Hudoip's ghost (adept DsGl)
 39852 | Snake:2  | Bought a book of Winter for 476 gold pieces
 39858 | Snake:2  | Learned a level 5 spell: Metabolic Englaciation
 39890 | Snake:3  | Noticed Jorgrun
 39899 | Snake:3  | Killed Jorgrun
 39995 | Snake:3  | Reached skill level 1 in Hexes
 39996 | Snake:3  | Noticed Vashnia
 40165 | Snake:3  | Killed Vashnia
 41088 | Snake:3  | Reached skill level 16 in Ice Magic
 41435 | Snake:4  | Entered Level 4 of the Snake Pit
 41482 | Snake:4  | Found a shimmering blue altar of Sif Muna.
 41568 | Snake:4  | Found Plog's Book Shoppe.
 41568 | Snake:4  | Found Fecwuem's Jewellery Shop.
 41569 | Snake:4  | Found Yzedwuy's Book Shoppe.
 41575 | Snake:4  | Bought the Unrestrained Analects for 660 gold pieces
 41583 | Snake:4  | Learned a level 7 spell: Ozocubu's Refrigeration
 42611 | Snake:4  | Reached skill level 5 in Hexes
 42611 | Snake:4  | Reached XP level 18. HP: 120/120 MP: 26/28
 42769 | Snake:4  | Reached skill level 17 in Ice Magic
 42839 | Snake:4  | Reached skill level 10 in Invocations
 43567 | Snake:4  | Reached skill level 18 in Ice Magic
 43626 | Snake:4  | Got a serpentine rune of Zot
 44537 | Swamp:1  | Entered Level 1 of the Swamp
 44746 | Swamp:1  | Noticed Donald
 44753 | Swamp:1  | Killed Donald
 44919 | Swamp:1  | Found a transporter.
 44919 | Swamp:1  | Noticed Mlioglotl
 44928 | Swamp:1  | Found a transporter.
 44928 | Swamp:1  | Noticed Biuwagaz's ghost (adept VSNe)
 44932 | Swamp:1  | Killed Mlioglotl
 45316 | Swamp:1  | Reached skill level 19 in Ice Magic
 46642 | Swamp:2  | Reached skill level 1 in Staves
 47692 | Swamp:3  | Reached XP level 19. HP: 126/126 MP: 32/32
 47703 | Swamp:3  | Reached skill level 10 in Spellcasting
 48237 | Swamp:4  | Entered Level 4 of the Swamp
 48423 | Swamp:4  | Killed from afar by an eleionoma

Illustrated notes

Levels and vault maps discovered:
D:1:      sevenhm_arrival_forest_fort_small_4, layout_basic,
          shapermc_ecumenical_altar_acropolis, chequers_arboretum, st_stairs_14
D:2:      layout_loops_ring, basic_altar, uniq_robin
D:3:      layout_basic, minmay_ruptured
D:4:      layout_loops_ring, nzn_hepliaklqana_mist_gate, grunt_dithmenos_smoke,
          chequers_serial_rivers_micro_b, minmay_fractal_squares_5
D:5:      layout_basic, ebering_ghost_disaster_area, uniq_edmund
D:6:      layout_basic, mainiacjoe_overflow_large_starburst, serial_shops, shop,
          uniq_menkaure, uniq_duvessa, uniq_sigmund
D:7:      layout_basic, nicolae_wu_jian_wuxing_cycle, temple_pool_b,
          lightli_ossuary_entry_decrepit_ruins, hangedman_abyss_or_decor_stagger
D:8:      layout_rooms, lair_entry_dummy
D:9:      layout_basic, trog_three_pillars_becter, serial_shops,
          nicolae_shop_waterfront, st_stairs_11
D:10:     layout_roguey, david_orc_3, chequers_serial_rivers_small_a,
          uniq_fannar
D:11:     layout_irregular_city, kennysheep_generic_room_11
D:12:     layout_cave_pods, grunt_decor_fettered
D:13:     layout_rooms, biasface_ghost_orc_armoury,
          portal_ice_cave_entry_pillars_2, fedhas_altar_4
D:14:     layout_rooms, grunt_vaults_entry_tiered, serial_park_square2,
          uniq_snorg
D:15:     gammafunk_depths_entry_grave, layout_cave_pods,
          nicolae_elyvilon_peaceful_grove, gauntlet_entry_generic
Lair:1:   beast_lair_carwin_large_3, layout_chaotic_city, guppyfry_lair_drakes
Lair:2:   layout_small_grid, guppyfry_snake_entry_island, basic_altar,
          uniq_sonja, uniq_nergalle
Lair:3:   layout_loops_ring, nicolae_swamp_entry_splash_gauntlet, special_room
          [special_room_bee], grunt_megastairs_2, lemuel_fruit_fields
Lair:4:   layout_layer_cave
Lair:5:   layout_cave_pods, slime_altar_1, serial_bayou_shore_b
Lair:6:   evil_forest, layout_long_grid, infiniplex_staircase_pool_2,
          grunt_megastairs_4
Swamp:1:  layout_basic_swamp, gammafunk_ghost_mausoleum,
          evilmike_swamp_ruin_house_4, uniq_mlioglotl, uniq_donald
Swamp:2:  layout_falls_marsh, evilmike_swamp_ruin_house_5, worms_lemuel
Swamp:3:  layout_falls_marsh, serial_swamp_ruin, hangedman_swamp_ruin_wall,
          evilmike_swamp_ruin_rubble_1, evilmike_swamp_ruin_house_1,
          infiniplex_staircase_pool
Swamp:4:  byrel_swamp_growth_death_and_undeath, layout_basic_swamp
Snake:1:  layout_rooms, minmay_shop_grid_forest, serial_bayou_shore_b
Snake:2:  layout_gridlike, gammafunk_ghost_cemetery, minmay_shop_star,
          lemuel_fruit_tree
Snake:3:  layout_onion, serial_bayou_shore_a, uniq_jorgrun, uniq_vashnia
Snake:4:  snake_pit, layout_rooms, basic_altar, nicolae_snake_bzzzt,
          minmay_shop_grove
Orc:1:    layout_caves, mines3_lemuel
Orc:2:    st_orc_ogre_mass, layout_caves, minmay_orc_keep, uniq_josephine

Skill      XL: |  1  2  3  4  5  6  7  8  9 10 11 12 13 14 15 16 17 18 19 |
---------------+----------------------------------------------------------+-----
Ice Magic      | 5 6 7 8 9 10 12 14 15 16 19 | 19.8
Dodging        | 3 5 9 10 | 10.0
Fighting       | 1 4 5 10 | 10.0
Conjurations   | 1 3 5 7 9 10 | 10.0
Spellcasting   | 3 5 7 9 10 | 10.0
Evocations     | 4 5 |  5.0
Armour         | 4 5 |  5.0
Shields        | 1 10 14 15 | 15.0
Polearms       | 2 9 13 14 | 14.0
Transmutations | 2 8 10 11 | 11.2
Invocations    | 3 9 10 | 10.0
Hexes          | 5 |  5.0
Staves         | 2 3 |  3.2
Stealth        | |  2.2

Action                   |  1- 3 |  4- 6 |  7- 9 | 10-12 | 13-15 | 16-18 | 19-21 || total
-------------------------+-------+-------+-------+-------+-------+-------+-------++-------
Melee: Short sword       |    15 |       |       |       |       |       |       ||    15
       Dagger            |     6 |    19 |       |       |       |       |       ||    25
       Staff             |       |    68 |   215 |    75 |   226 |   165 |    12 ||   761
       Tailslap          |       |       |       |       |     1 |     9 |     5 ||    15
       Trident           |       |       |       |       |   135 |   519 |    12 ||   666
 Cast: Freeze            |    42 |    68 |     7 |     6 |       |       |       ||   123
       Frozen Ramparts   |       |    15 |    19 |    56 |    75 |    62 |       ||   227
       Hailstorm         |       |       |     7 |    99 |   235 |   204 |       ||   545
       Ozocubu's Armour  |       |       |     5 |     3 |     6 |    16 |     1 ||    31
       Irradiate         |       |       |       |       |       |    16 |     2 ||    18
       Metabolic Englaci |       |       |       |       |       |     6 |     1 ||     7
       Ozocubu's Refrige |       |       |       |       |       |    21 |     5 ||    26
Invok: Recall Ancestor   |       |       |     1 |     1 |     5 |    10 |     1 ||    18
       Ancestor Life: Kn |       |       |     1 |       |       |       |       ||     1
       Ancestor Identity |       |       |     1 |       |       |       |       ||     1
       Idealise          |       |       |       |       |       |     1 |     1 ||     2
       Transference      |       |       |       |       |       |       |     1 ||     1
Evoke: Wand              |       |       |       |       |       |     8 |     3 ||    11
  Use: Scroll            |       |     6 |     2 |    13 |     4 |     7 |     2 ||    34
 Stab: Sleeping          |     1 |     8 |     3 |     2 |     3 |     3 |       ||    20
       Distracted        |     1 |     1 |     4 |     1 |     6 |    18 |       ||    31
       Invisible         |       |       |       |       |       |     4 |       ||     4
Armor: Robe              |    12 |    10 |       |       |       |       |       ||    22
       Leather armour    |       |    25 |    44 |    19 |    62 |    36 |       ||   186
       Troll leather arm |       |       |    57 |     8 |       |       |       ||    65
       Ring mail         |       |       |       |       |       |    30 |       ||    30
       Swamp dragon scal |       |       |       |       |       |    26 |    56 ||    82
Dodge: Dodged            |    30 |   107 |   201 |    81 |   267 |   304 |    71 ||  1061
Block: Kite shield       |       |       |       |       |   197 |   450 |    50 ||   697
       Reflection        |       |       |       |       |       |     6 |     2 ||     8

Table legend: (Time is in decaauts)
 A = Elapsed time spent in this place.
 B = Non-inter-level travel time spent in this place.
 C = Inter-level travel time spent in this place.
 D = Time resting spent in this place.
 E = Time spent auto-exploring this place.
 F = Levels seen in this place.
 G = Mean time per level.
                   A        B        C        D        E       F      G
               +--------+--------+--------+--------+--------+-----+--------+
         Total |  48074 |  45048 |   3026 |   9707 |  26190 |  34 | 1413.9 |
       Dungeon |  20265 |  18516 |   1749 |   3145 |  11262 |  15 | 1351.0 |
          Lair |  12419 |  11622 |    797 |   1737 |   8040 |   6 | 2069.8 |
         Swamp |   3662 |   3583 |     79 |   1330 |   1592 |   4 |  915.5 |
     Snake Pit |   6634 |   6305 |    329 |   2130 |   2945 |   4 | 1658.5 |
  Orcish Mines |   2504 |   2433 |     71 |    706 |   1162 |   2 | 1252.0 |
       Ossuary |    488 |    488 |      0 |    200 |     52 |   1 |  488.0 |
      Ice Cave |   1099 |   1099 |      0 |     33 |    705 |   1 | 1099.0 |
      Gauntlet |    999 |    999 |      0 |    426 |    430 |   1 |  999.0 |
               +--------+--------+--------+--------+--------+-----+--------+

Top non-repeatable levels by time:
  Lair:6: 2947 daAuts
  Lair:3: 2396 daAuts
 Snake:4: 2305 daAuts
     D:6: 2152 daAuts
     D:5: 2000 daAuts
  Lair:5: 1990 daAuts
  Lair:2: 1840 daAuts
 Snake:3: 1817 daAuts
  Lair:1: 1630 daAuts
  Lair:4: 1614 daAuts
 Snake:2: 1580 daAuts
     D:9: 1504 daAuts
    D:12: 1488 daAuts
     D:7: 1371 daAuts
 Swamp:1: 1299 daAuts
